 Dungeon Crawl Stone Soup version 0.30.1-11-g7821555f0a (webtiles) character file.

Game seed: 2413701120970219878

39 KittyFluff the Trooper (level 3, 0/23 HPs)
             Began as a Gargoyle Berserker on Nov 7, 2023.
             Was a Follower of Trog.
             Slain by Crazy Yiuf
             ... wielding a +3 quarterstaff of chaos
              (2 damage)
             ... on level 2 of the Dungeon.
             The game lasted 00:04:03 (796 turns).

KittyFluff the Trooper (Gargoyle Berserker)          Turns: 796, Time: 00:04:04

Health: 0/23       AC:  6    Str: 22    XL:     3   Next: 45%
Magic:  0/3        EV: 17    Int:  7    God:    Trog [*.....]
Gold:   46         SH:  0    Dex:  9    Spells: 2/2 levels left

rFire   . . .        a - +0 mace
rCold   . . .        (no shield)
rNeg    + . .        b - +0 animal skin
rPois   ∞            (no helmet)
rElec   +            i - +0 cloak
rCorr   .            (no gloves)
SInv    .            (no boots)
Will    .....        (no amulet)
Stlth   +            g - +5 ring of evasion
HPRegen 0.23/turn    (no ring)
MPRegen 0.08/turn

%: no passive effects
@: no status effects
A: sickness immunity, AC +3, negative energy resistance 1, electricity
resistance, torment resistance 1, petrification resistance
a: Renounce Religion, Berserk


You were on level 2 of the Dungeon.
You worshipped Trog.
Trog was aware of your devotion.
You visited 1 branch of the dungeon, and saw 2 of its levels.

You collected 46 gold pieces.

Inventory:

Hand Weapons
 a - a +0 mace (weapon)
 c - a +0 sling
Armour
 b - a +0 animal skin (worn)
 i - a +0 cloak (worn)
Jewellery
 g - a +5 ring of evasion (left hand)
Scrolls
 d - 2 scrolls of enchant weapon {unknown}
 e - a scroll of fear {unknown}
 h - a scroll of vulnerability {unknown}
 j - a scroll of blinking {unknown}
 k - a scroll of fog {unknown}
 m - a scroll of silence {unknown}
Potions
 f - a potion of invisibility {unknown}
 l - a potion of flight {unknown}


   Skills:
 + Level 3.6 Fighting
 * Level 3.5 Maces & Flails
 * Level 3.0 Armour
 + Level 1.9 Dodging


You had 2 spell levels left.
You didn't know any spells.
Your spell library was empty.

Dungeon Overview and Level Annotations

Branches:
Dungeon (2/15)

Altars:

Annotations:
D:2 Crazy Yiuf


Innate Abilities, Weirdness & Mutations

You are immune to sickness and miasma.
Your stone body is resilient. (AC +3)
You are immune to poison.
You resist negative energy. (rN+)
You are resistant to electric shocks. (rElec)
You are resistant to unholy torment.
You are immune to petrification.


Message History

The adder misses you.
A goblin comes into view. It is wielding a +0 club.
The adder barely misses you.
You hit the adder.
The adder is heavily wounded.
The adder closely misses you. The adder bites you but does no damage.
You hit the adder.
The adder is heavily wounded.
The adder completely misses you.
You closely miss the adder.
The adder is heavily wounded.
The adder completely misses you. The adder misses you.
You sock the adder!
You kill the adder!
Trog accepts your kill.
You thump the goblin!
You kill the goblin!
Trog accepts your kill.
Your Armour skill increases to level 3!
Things that are here:
a +0 club; an adder corpse
Found a stone staircase leading down.
There is a stone staircase leading down here.
Found a robe.
You see here a +0 robe.
Found a scroll labelled BUS GUPHOINLOGH.
d - 2 scrolls labelled BUS GUPHOINLOGH (gained 1)
Found a hammer.
Found a runed translucent door.
Crazy Yiuf shouts!
You open the door.
Crazy Yiuf cries, "Ice verde tired!"
You barely miss Crazy Yiuf.
Crazy Yiuf hits you with a +3 quarterstaff of chaos!
Crazy Yiuf freezes you.
You hit Crazy Yiuf but do no damage.
Crazy Yiuf hits you with a +3 quarterstaff of chaos!
* * * LOW HITPOINT WARNING * * *
You feel your power leaking away.
Crazy Yiuf hits you with a +3 quarterstaff of chaos.
You die...

### #.. #.# #.# #.#
### ♣♣#### #.# #)..#♣♣
♣♣..#.#####.#
#...g@♣♣♣♣...........#
#...#♣..♣......#######
### ♣♣♣.♣...###
♣♣♣♣♣##


You could see Crazy Yiuf.

Vanquished Creatures
  2 adders (D:2)
  A ball python (D:1)
  3 endoplasms (D:1)
  A giant cockroach (D:2)
  2 goblins (D:2)
  2 quokkas
  3 bats (D:1)
  2 frilled lizards (D:1)
  2 kobolds (D:1)
  A rat (D:1)
19 creatures vanquished.

Notes
Turn   | Place    | Note
-------+----------+-------------------------------------------
     0 | D:1      | KittyFluff the Gargoyle Berserker began the quest for the
                  | Orb.
     0 | D:1      | Reached XP level 1. HP: 14/14 MP: 1/1
    60 | D:1      | Found a faded altar of an unknown god.
   225 | D:1      | Reached XP level 2. HP: 19/19 MP: 2/2
   528 | D:2      | Reached XP level 3. HP: 23/23 MP: 3/3
   790 | D:2      | Found a runed translucent door.
   791 | D:2      | Noticed Crazy Yiuf
   796 | D:2      | Slain by Crazy Yiuf

Illustrated notes

Levels and vault maps discovered:
D:1:      dpeg_arrival_rhombi, layout_rooms,
          hellmonk_ecumenical_altar_pennies_from_heaven
D:2:      layout_loops_ring, kennysheep_flooded_box, uniq_crazy_yiuf_cottage,
          uniq_sigmund

Skill      XL: |  1  2  3 |
---------------+----------+-----
Armour         | 3 |  3.0
Fighting       | |  3.6
Maces & Flails | |  3.5
Dodging        | |  1.9

Action                     || total
---------------------------++-------
  Melee: Mace              ||    50
 Armour: Animal skin       ||    16
  Dodge: Dodged            ||    51
